 Dungeon Crawl Stone Soup version 0.30-a0-137-gd8773701ce (webtiles) character file.

Game seed: 7512829292117943899

108 blackman the Grave Robber (level 4, 0/24 HPs)
             Began as a Deep Elf Necromancer on Sept 21, 2022.
             Slain by an orc
             ... wielding a +0 hand axe
              (5 damage)
             ... on level 3 of the Dungeon.
             The game lasted 00:07:32 (2496 turns).

blackman the Grave Robber (Deep Elf Necromancer)    Turns: 2496, Time: 00:07:33

Health: 0/24       AC:  2    Str:  5    XL:     4   Next: 58%
Magic:  0/10       EV: 12    Int: 22    God:
Gold:   127        SH:  0    Dex: 15    Spells: 4/9 levels left

rFire   . . .      SeeInvis .    c - +0 war axe
rCold   . . .      Faith    .    (no shield)
rNeg    . . .      Spirit   .    a - +0 robe
rPois   .          Reflect  .    (no helmet)
rElec   .          Harm     .    (no cloak)
rCorr   .          Rampage  .    (no gloves)
Will    .....                    (no boots)
Stlth   ++........               (no amulet)
HPRegen 0.08/turn                (no ring)
MPRegen 0.12/turn                (no ring)

@: animating dead
A: no striking features
a: no special abilities


You were on level 3 of the Dungeon.
You visited 1 branch of the dungeon, and saw 3 of its levels.

You collected 127 gold pieces.

Inventory:

Hand Weapons
 c - a +0 war axe (weapon)
Armour
 a - a +0 robe (worn)
 r - a +0 buckler
Jewellery
 i - an amulet of faith
 q - an amulet of guardian spirit
Wands
 p - a wand of roots (3)
Scrolls
 d - a scroll of amnesia {unknown}
 e - 2 scrolls of magic mapping {unknown}
 g - 2 scrolls of vulnerability {unknown}
 h - 3 scrolls of identify {unknown}
 j - a scroll of teleportation {unknown}
 k - 2 scrolls of fear {unknown}
 l - 2 scrolls of brand weapon {unknown}
 n - a scroll of enchant weapon {unknown}
Potions
 b - a potion of magic
 f - a potion of haste {unknown}
 m - a potion of attraction {unknown}
 o - a potion of curing {unknown}


   Skills:
 - Level 2.4 Dodging
 - Level 2.4 Stealth
 - Level 3.0 Spellcasting
 + Level 7.3 Necromancy


You had 4 spell levels left.
You knew the following spells:

 Your Spells              Type           Power      Damage    Failure   Level
a - Necrotise             Necr           100%       1d9       1%          1
b - Animate Dead          Necr           35%        N/A       6%          4

Your spell library contained the following spells:

 Spells                   Type           Power      Damage    Failure   Level
 Sublimation of Blood     Necr           35%        N/A       1%          2
 Vampiric Draining        Necr           35%        2d8       1%          3
 Magic Dart               Conj           12%        1d3       12%         1
 Searing Ray              Conj           6%         2d4       19%         2
 Call Canine Familiar     Summ           3%         N/A       36%         3
 Portal Projectile        Hex/Tloc       6%         N/A       36%         3
 Fulminant Prism          Conj/Hex       1%         3d6       77%         4
 Leda's Liquefaction      Hex/Erth       1%         N/A       77%         4
 Petrify                  Tmut/Erth      3%         N/A       77%         4
 Agony                    Necr           35%        N/A       17%         5
 Irradiate                Conj/Tmut      1%         3d12      98%         5


Dungeon Overview and Level Annotations

Branches:
Dungeon (3/15)

Altars:
Gozag

Annotations:
D:1 2 transporters


Message History

g - Guard the area. f - Follow me.
Anything else - Cancel.
Gang up on whom?
Press: ? - help, Dir - move target, f - orc
Aim: an orc, wielding a +0 hand axe (ally target) Attack!
An ogre comes into view. It is wielding a +0 giant club.
The orc closely misses you.
The orc completely misses your gnoll zombie.
The orc closely misses your orc zombie.
You barely miss the orc. The orc barely misses you.
The orc hits your orc zombie with a +0 hand axe.
The orc hits your gnoll zombie with a +0 hand axe.
Your orc zombie completely misses the orc.
Your gnoll zombie barely misses the orc.
Casting: Necrotise (safe; 1% risk of failure)
Confirm with . or Enter, or press ? or * to list all spells.
Aiming: Necrotise (safe; 1% risk of failure)
Press: ? - help, Shift-Dir - straight line, f - orc, p - orc
Aim: an orc, wielding a +0 dagger and wearing a +0 leather armour (chance to affect: 93%)
The orc writhes in agony.
The orc hits you but does no damage.
The orc hits your gnoll zombie with a +0 hand axe.
The orc barely misses your gnoll zombie.
The orc hits your orc zombie with a +0 hand axe.
The orc hits you with a +0 dagger.
* * * LOW HITPOINT WARNING * * *
Your gnoll zombie completely misses the orc.
Your orc zombie hits the orc.
You slash the orc!
You kill the orc!
You closely miss the orc.
The dead are walking!
The orc hits you but does no damage.
The orc completely misses your orc zombie.
The orc hits your gnoll zombie with a +0 hand axe. x2
Your gnoll zombie hits the orc.
Your gnoll zombie misses the orc.
Your orc zombie barely misses the orc.
The ogre hits your gnoll zombie with a +0 giant club!!
Your gnoll zombie is destroyed!
The orc hits you with a +0 hand axe.
You die...

#.......#..
#.###.#.#.##
#.#####.#.......##
#................
#.#####.#)..#.#.##.
#Z#..#......
#.)..o..#.##.
###)#Z.......
#.@oZ)..# #.......#
###O##### #...#
#...# #...# #...#
..... ♣....


You could see an ogre, 2 orcs, a friendly gnoll zombie and 2 friendly orc
zombies.

Vanquished Creatures
  Robin (D:2)
  2 gnolls (D:3)
  An adder (D:2)
  2 orcs (D:3)
  7 ball pythons
  5 endoplasms
  2 giant cockroaches
  13 goblins
  8 hobgoblins
  2 quokkas
  4 bats (D:1)
  2 frilled lizards
  2 kobolds (D:1)
  3 rats (D:1)
54 creatures vanquished.

Vanquished Creatures (collateral kills)
  A gnoll (D:3)
  2 goblins
3 creatures vanquished.

Vanquished Creatures (others)
  2 gnoll zombies (D:3)
  A hobgoblin zombie (D:3)
  2 plants (D:2)
5 creatures vanquished.

Grand Total: 62 creatures vanquished

Notes
Turn   | Place    | Note
-------+----------+-------------------------------------------
     0 | D:1      | blackman the Deep Elf Necromancer began the quest for the
                  | Orb.
     0 | D:1      | Reached XP level 1. HP: 10/10 MP: 6/6
    51 | D:1      | Reached skill level 5 in Necromancy
   167 | D:1      | Reached XP level 2. HP: 15/15 MP: 6/8
  1191 | D:2      | Found an opulent altar of Gozag.
  1203 | D:2      | Reached skill level 6 in Necromancy
  1325 | D:2      | Noticed Robin
  1327 | D:2      | Reached XP level 3. HP: 16/19 MP: 7/9
  1397 | D:2      | Killed Robin
  1766 | D:2      | Reached XP level 4. HP: 11/24 MP: 3/10
  2143 | D:2      | Learned a level 4 spell: Animate Dead
  2475 | D:3      | Reached skill level 7 in Necromancy
  2493 | D:3      | Noticed an ogre
  2496 | D:3      | Slain by an orc

Illustrated notes

Levels and vault maps discovered:
D:1:      spicycebolla_arrival_transporter_tutorial, layout_basic,
          hangedman_decor_growths
D:2:      cheibrodos_old_hovel, layout_loops_ring, basic_altar,
          minmay_pentomino_u2, uniq_robin
D:3:      layout_loops_cross, serial_bayou_crossing, uniq_terence,
          uniq_crazy_yiuf_cottage

Skill      XL: |  1  2  3  4 |
---------------+-------------+-----
Necromancy     | 5 6 7 |  7.3
Dodging        | |  2.4
Stealth        | |  2.4
Spellcasting   | |  3.0

Action                   |  1- 3 |  4- 6 || total
-------------------------+-------+-------++-------
Melee: War axe           |    45 |    10 ||    55
       Punch             |     1 |       ||     1
 Cast: Necrotise         |    45 |    14 ||    59
       Animate Dead      |       |     3 ||     3
Evoke: Wand              |       |     1 ||     1
 Stab: Sleeping          |     2 |       ||     2
Armor: Robe              |    13 |     3 ||    16
Dodge: Dodged            |    40 |    13 ||    53

Table legend: (Time is in decaauts)
 A = Elapsed time spent in this place.
 B = Non-inter-level travel time spent in this place.
 C = Inter-level travel time spent in this place.
 D = Time resting spent in this place.
 E = Time spent auto-exploring this place.
 F = Levels seen in this place.
 G = Mean time per level.
                   A        B        C        D        E       F      G
               +--------+--------+--------+--------+--------+-----+--------+
         Total |   2522 |   2492 |     30 |    411 |   1687 |   3 |  840.7 |
       Dungeon |   2522 |   2492 |     30 |    411 |   1687 |   3 |  840.7 |
               +--------+--------+--------+--------+--------+-----+--------+

Top non-repeatable levels by time:
     D:2: 1359 daAuts
     D:1: 1053 daAuts
     D:3: 109 daAuts
